 Dungeon Crawl Stone Soup version 0.32-a0-290-g598725c5f2 (webtiles) character file.

Game seed: 12165717093145798822

291 Ceno the Twirler (level 6, -4/49 HPs)
             Began as a Formicid Fighter on Feb 14, 2024.
             Was a Believer of Zin.
             Killed by divine providence
             ... invoked by an orc priest
              (11 damage)
             ... on level 3 of the Dungeon.
             The game lasted 00:08:40 (2694 turns).

Ceno the Twirler (Formicid Fighter)                 Turns: 2694, Time: 00:08:41

Health: -4/49      AC:  9    Str: 22    XL:     6   Next: 59%
Magic:  7/7        EV:  9    Int:  8    God:    Zin [**....]
Gold:   255        SH:  5    Dex: 13    Spells: 5/5 levels left

rFire   . . .        a - +2 quarterstaff
rCold   . . .        c - +0 buckler
rNeg    . . .        b - +0 scale mail
rPois   .            (helmet unavailable)
rElec   .            (no cloak)
rCorr   .            (no gloves)
SInv    +            j - +1 pair of boots
Will    +....        (no amulet) Stlth
                     e - ring of willpower
HPRegen 0.28/turn    (no ring)
MPRegen 0.10/turn

%: no passive effects
@: no status effects
A: permanent stasis, dig shafts and tunnels, antennae 3, four strong arms
a: Dig, Shaft Self, Renounce Religion, Recite, Vitalisation, Donate Gold


You were on level 3 of the Dungeon.
You worshipped Zin.
Zin was pleased with you.
You visited 1 branch of the dungeon, and saw 4 of its levels.

You collected 283 gold pieces.
You donated 28 gold pieces to Zin.

Inventory:

Hand Weapons
 a - a +2 quarterstaff (weapon)
Missiles
 g - 19 stones (quivered)
 m - 14 poisoned darts
Armour
 b - a +0 scale mail (worn)
 c - a +0 buckler (worn)
 j - a +1 pair of boots (worn)
Jewellery
 e - a ring of willpower (left hand)
 n - a ring of protection from fire
Scrolls
 h - a scroll of teleportation
 k - 2 scrolls of noise {unknown}
Potions
 d - 2 potions of might
 f - a potion of enlightenment {unknown}
 i - 2 potions of curing
 l - a potion of haste {unknown}
 o - 2 potions of mutation
 p - a potion of brilliance {unknown}


   Skills:
 + Level 4.7 Fighting
 * Level 4.8 Staves
 - Level 4.0 Armour
 - Level 4.0 Shields
 + Level 2.1 Invocations


You had 5 spell levels left.
You didn't know any spells.
Your spell library contained the following spells:

 Spells                   Type           Power      Damage    Failure   Level
 Shock                    Conj/Air       0%         1d3       80%         1
 Sting                    Conj/Alch      0%         1d3       80%         1
 Summon Small Mammal      Summ           0%         N/A       80%         1
 Mercury Vapours          Alch/Air       0%         N/A       90%         2
 Call Canine Familiar     Summ           0%         N/A       99%         3
 Inner Flame              Hex/Fire       0%         N/A       99%         3
 Airstrike                Air            0%         2d(0-16)  100%        4
 Flame Wave               Conj/Fire      0%         2d4       100%        4
 Olgreb's Toxic Radiance  Alch           0%         N/A       100%        4
 Sticky Flame             Fire/Alch      0%         2d4       100%        4
 Summon Blazeheart Golem  Fire/Summ      0%         N/A       100%        4
 Swiftness                Air            Unusable   N/A       N/A         3

Dungeon Overview and Level Annotations

Branches:
Dungeon (4/15)
 Temple: D:4-7

Altars:
Cheibriados
Hepliaklqana
Zin

Shops:
D:3 *


Innate Abilities, Weirdness & Mutations

You cannot be hasted, slowed, berserked, paralysed or teleported.
You can dig through walls and to a lower floor.
You have a pair of large antennae on your head. (SInv)
Your four strong arms can wield two-handed weapons with a shield.


Message History

The orc shouts!
You hit the orc priest.
The orc priest is heavily wounded.
The orc priest mumbles some strange prayers to Beogh against you.
Beogh smites you!
You are too injured to fight recklessly!
The orc priest closely misses you.
You climb upwards.
There is a stone staircase leading down here.
You are too injured to fight recklessly!
You closely miss the orc priest.
The orc priest is heavily wounded.
The orc priest hits you with a +0 club.
You closely miss the orc priest.
The orc priest is heavily wounded.
The orc priest begins to cast a cantrip, but forgets the words!
You completely miss the orc priest.
The orc priest is heavily wounded.
The orc priest calls down the wrath of Beogh upon you.
Beogh smites you!
* * * LOW HITPOINT WARNING * * *
You hit the orc priest.
The orc priest is severely wounded.
The orc priest calls down the wrath of Beogh upon you.
You resist with some effort.
You closely miss the orc priest.
The orc priest is severely wounded.
The orc priest hits you but does no damage.
You closely miss the orc priest.
The orc priest is severely wounded.
You block the orc priest's attack. The orc priest hits you with a +0 club.
* * * LOW HITPOINT WARNING * * *
You closely miss the orc priest.
The orc priest is severely wounded.
The orc priest looks encouraged for a moment.
You hit the orc priest.
The orc priest is almost dead.
The orc priest mumbles some strange prayers to Beogh against you.
Beogh smites you!
You die...

############ ########
#..........# #.......
#..........# #.......
##..........# #.......
######......@....# #.......
##............o...# #.....<.
####..#####..........#
#)...... #.....#
#..........#######...##
#.....#
#######.#..........###
#.....# #............#
###.######## ##...........#
#...)......# ##÷........##
#..÷.......########....)..[.#


You could see an orc priest.

Vanquished Creatures
  An ogre (D:4)
  Jessica (D:2)
  4 gnolls (D:3)
  An adder (D:4)
  2 dart slugs (D:1)
  2 ribbon worms
  7 orcs
  9 bats
  4 endoplasms
  2 giant cockroaches
  4 goblins
  3 hobgoblins
  5 jackals
  A quokka (D:1)
  6 ball pythons
  2 frilled lizards
  6 kobolds
  8 rats
68 creatures vanquished.

Notes
Turn   | Place    | Note
-------+----------+-------------------------------------------
     0 | D:1      | Ceno the Formicid Fighter began the quest for the Orb.
     0 | D:1      | Reached XP level 1. HP: 18/18 MP: 1/1
    58 | D:1      | Reached XP level 2. HP: 24/24 MP: 2/2
   167 | D:1      | Reached XP level 3. HP: 21/29 MP: 3/3
   902 | D:2      | Reached XP level 4. HP: 37/37 MP: 4/4
  1234 | D:2      | Noticed Jessica
  1248 | D:2      | Killed Jessica
  1392 | D:2      | Reached XP level 5. HP: 42/42 MP: 5/5
  1880 | D:3      | Found a hazy altar of Hepliaklqana.
  1889 | D:3      | Found Zin's Purification Station.
  1895 | D:3      | Found a glowing silver altar of Zin.
  1900 | D:3      | Became a worshipper of Zin the Law-Giver
  1900 | D:3      | Reached * piety under Zin
  2110 | D:3      | Reached skill level 1 in Invocations
  2327 | D:3      | Reached XP level 6. HP: 45/49 MP: 6/6
  2547 | D:4      | Reached ** piety under Zin
  2587 | D:4      | Found a snail-covered altar of Cheibriados.
  2613 | D:4      | Noticed an ogre
  2634 | D:4      | Killed an ogre
  2694 | D:3      | Killed from afar by an orc priest

Illustrated notes

Levels and vault maps discovered:
D:1:      saegor_arrival_simple_c, layout_basic
D:2:      layout_loops_corners, grunt_ministairs_13, minmay_gold_behind_fungi,
          uniq_jessica
D:3:      layout_rooms, zin_purify, mainiacjoe_overflow_concentric_impassable
D:4:      layout_rooms, chei_slow_surprise, serial_shops, shop,
          kennysheep_doodads

Skill      XL: |  1  2  3  4  5  6 |
---------------+-------------------+-----
Staves         | 3 4 |  4.8
Fighting       | 4 |  4.7
Armour         | 4 |  4.0
Invocations    | 1 2 |  2.1
Shields        | |  4.0

Action                     |  1- 3 |  4- 6 || total
---------------------------+-------+-------++-------
  Melee: Quarterstaff      |    55 |   116 ||   171
  Throw: Stone             |       |     2 ||     2
         Dart              |       |     5 ||     5
    Use: Scroll            |     2 |     3 ||     5
 Armour: Scale mail        |    29 |    54 ||    83
  Dodge: Dodged            |    23 |    32 ||    55
  Block: Buckler           |    11 |    21 ||    32

Table legend: (Time is in decaauts)
 A = Elapsed time spent in this place.
 B = Non-inter-level travel time spent in this place.
 C = Inter-level travel time spent in this place.
 D = Time resting spent in this place.
 E = Time spent auto-exploring this place.
 F = Levels seen in this place.
 G = Mean time per level.
                   A        B        C        D        E       F      G
               +--------+--------+--------+--------+--------+-----+--------+
         Total |   2719 |   2676 |     43 |      7 |   1579 |   4 |  679.8 |
       Dungeon |   2719 |   2676 |     43 |      7 |   1579 |   4 |  679.8 |
               +--------+--------+--------+--------+--------+-----+--------+

Top non-repeatable levels by time:
     D:2: 1090 daAuts
     D:1: 792 daAuts
     D:3: 649 daAuts
     D:4: 187 daAuts
